Selects Australian Defense Battlegroup
Selects Australian Light Infantry Section
Australian Light Infantry Section
Australian Light Infantry Section
Construct Section Command Post
Construct Platoon Command Post
6-pounder Anti-tank Gun Team
Construct Company Command Post
Construct Field Infirmary
Selects CMP 15cwt Supply Run
Selects Reinforced Resource Caches
Selects Charged Creeping Barrage
Australian Light Infantry Section